 Dungeon Crawl Stone Soup version 0.24-a0-434-gd57e52fea8 (webtiles) character file.

Game seed: 6950710914618412675

35652 vurker the Severer (level 13, -2/122 HPs)
             Began as a Hill Orc Monk on June 16, 2019.
             Was a High Priest of Yredelemnul.
             Slain by a dire elephant (7 damage)
             ... while petrified by you
             ... on level 6 of the Lair of Beasts.
             The game lasted 00:49:49 (26882 turns).

vurker the Severer (Hill Orc Monk)                 Turns: 26882, Time: 00:49:50

Health: -2/122     AC: 19    Str: 22    XL:     13   Next: 85%
Magic:  0/22       EV:  2    Int: 10    God:    Yredelemnul [*****.]
Gold:   960        SH:  0    Dex: 13    Spells: 12/12 levels left

rFire    . . .     SeeInvis .   b - +0 war axe
rCold    + . .     Gourm    .   y - +0 large shield
rNeg     + + +     Faith    .   q - +0 plate armour
rPois    ∞         Spirit   +   x - +1 helmet
rElec    .         Reflect  .   k - scarf {repulsion}
rCorr    .         Harm     .   (no gloves)
MR       +....                  m - +2 pair of boots
Stlth    ..........             A - amulet of guardian spirit
HPRegen  0.30/turn              G - ring "Karuick" {rC+ Str+3}
MPRegen  0.18/turn              l - ring of protection from magic

@: petrified, very slightly contaminated, repel missiles
A: no striking features
a: Recall Undead Slaves, Injury Mirror, Animate Dead, Drain Life, Enslave Soul,
Renounce Religion


You were on level 6 of the Lair of Beasts.
You worshipped Yredelemnul.
Yredelemnul was extremely pleased with you.
You were not hungry.

You visited 3 branches of the dungeon, and saw 18 of its levels.

You collected 960 gold pieces.

Inventory:

Hand Weapons
 a - a +1 hand axe of flaming
   (You took it off a wight on level 9 of the Dungeon)
 b - a +0 war axe (weapon)
   (You found it on level 5 of the Lair of Beasts)
Missiles
 w - a throwing net (quivered) {!f}
Armour
 k - a scarf of repulsion (worn)
   (You found it on level 2 of the Dungeon)
 m - a +2 pair of boots (worn)
   (You found it on level 2 of the Dungeon)
 q - a +0 plate armour (worn)
   (You took it off an orc warrior on level 6 of the Dungeon)
 x - a +1 helmet (worn)
   (You found it on level 7 of the Dungeon)
 y - a +0 large shield (worn)
   (You found it on level 8 of the Dungeon)
Jewellery
 l - a ring of protection from magic (right hand)
   (You found it on level 5 of the Lair of Beasts)
 A - an amulet of guardian spirit (around neck)
   (You found it on level 9 of the Dungeon)
 G - the ring "Karuick" (left hand) {rC+ Str+3}
   (You found it on level 6 of the Lair of Beasts)

   [ring of protection from cold]

   It affects your strength (+3).
   It protects you from cold.
Wands
 d - a wand of iceblast (7)
   (You found it on level 9 of the Dungeon)
 t - a wand of flame (15)
   (You found it on level 5 of the Dungeon)
 u - a wand of paralysis (23)
   (You found it on level 1 of the Lair of Beasts)
 v - a wand of digging (11)
   (You found it on level 5 of the Dungeon)
Scrolls
 f - 13 scrolls of remove curse {@r2}
 h - 7 scrolls of teleportation {@r4}
 i - a scroll of identify {@r1}
 j - 5 scrolls of magic mapping
 s - 4 scrolls of enchant armour
 z - a scroll of fog
 B - a scroll of brand weapon
 F - a scroll of acquirement {unknown}
Potions
 c - 2 potions of haste {@q3}
 g - 3 potions of might
 n - 3 potions of cancellation
 p - a potion of mutation {!q}
 r - a potion of resistance
 C - 6 potions of curing {@q1}
Comestibles
 e - 24 rations {!d}
 o - 3 chunks of flesh


   Skills:
 + Level 13.0 Fighting
 - Level 18.0 Axes
 + Level 8.6 Armour
 - Level 2.4 Dodging
 - Level 1.5 Stealth
 + Level 8.7 Shields
 + Level 12.7 Invocations


You had 12 spell levels left.
You didn't know any spells.
Your spell library contained the following spells:

 Spells                   Type           Power        Failure   Level  Hunger
 Corona                   Hex            #......      100%        1    ##.....
 Flame Tongue             Conj/Fire      #....        100%        1    ##.....
 Magic Dart               Conj           #...         100%        1    ##.....
 Sandblast                Erth           #.....       100%        1    ##.....
 Blink                    Tloc           N/A          100%        2    ###....
 Call Imp                 Summ           #.......     100%        2    ###....
 Passwall                 Tmut/Erth      #.......     100%        2    ###....
 Slow                     Hex            #.......     100%        2    ###....
 Throw Flame              Conj/Fire      #.....       100%        2    ###....
 Conjure Flame            Conj/Fire      #.......     100%        3    ####...
 Inner Flame              Hex/Fire       #.......     100%        3    ####...
 Mephitic Cloud           Conj/Pois/Air  #.......     100%        3    ####...
 Portal Projectile        Hex/Tloc       #.....       100%        3    ####...
 Stone Arrow              Conj/Erth      #.....       100%        3    ####...
 Cause Fear               Hex            #.........   100%        4    #####..
 Leda's Liquefaction      Hex/Erth       #.........   100%        4    #####..
 Petrify                  Tmut/Erth      #.......     100%        4    #####..
 Sticky Flame             Conj/Fire      #.......     100%        4    #####..
 Fireball                 Conj/Fire      #.........   100%        5    ######.
 Lee's Rapid Deconstruct  Erth           #.........   100%        5    ######.


Dungeon Overview and Level Annotations

Branches:
Dungeon (11/15)            Temple (1/1) D:4            Lair (6/6) D:8
 Shoals (0/4) Lair:3        Snake (0/4) Lair:2        Slime (0/5) Lair:5
    Orc (0/2) D:9

Altars:
Ashenzari
Cheibriados
Dithmenos
Elyvilon
Fedhas
Gozag
Hepliaklqana
Kikubaaqudgha
Makhleb
Nemelex Xobeh
Okawaru
Qazlal
Ru
Sif Muna
Trog
Uskayaw
Vehumet
Wu Jian
Xom
Yredelemnul
Zin
The Shining One
Jiyva

Shops:
D:10 *%   D:11 [

Annotations:
D:5 3 runed translucent doors, MisterFreud's ghost, novice OpTm
D:11 2 runed translucent doors
Lair:6 exclusions: ice statue and oklob plant


Message History

Okay, then.
Your blink frog skeleton cannot move out of your way!
Unknown command.
Unknown command.
Unknown command.
Your blink frog skeleton cannot move out of your way!
Unknown command.
Blink to where?
You are very lightly contaminated with residual magic.
As you read the scroll of blinking, it crumbles to dust.
You have turned to stone.
The dire elephant tramples your blink frog skeleton!!
Your blink frog skeleton is shoved backwards!
Your blink frog skeleton is destroyed!
The death yak gores the bush!!
Your yak skeleton gores the dire elephant.
Something hits the death yak but does no damage.
The deep troll shaman bites the bush!
The deep troll shaman claws the bush!
The deep troll shaman claws the bush but does no damage.
The dire elephant tramples your yak skeleton!!!
Your yak skeleton stumbles backwards!
The death yak gores something!!
Your yak skeleton gores the dire elephant.
Your elephant skeleton barely misses the dire elephant.
The deep troll shaman prays to its god.
The deep troll shaman is healed somewhat.
The dire elephant tramples your yak skeleton!!!
Your yak skeleton stumbles backwards!
Your yak skeleton is destroyed!
The death yak gores something!!
Something gores the death yak but does no damage.
The death yak gores something!!
The deep troll shaman shouts!
The death yak bellows!
The deep troll shaman bites your elephant skeleton.
The deep troll shaman claws your elephant skeleton!!
Your elephant skeleton is destroyed!
The dire elephant tramples you.
* * * LOW HITPOINT WARNING * * *
You hold your ground!
The dire elephant trunk-slaps you.
* * * LOW HITPOINT WARNING * * *
The dire elephant tramples you!
* * * LOW HITPOINT WARNING * * *
You hold your ground!
The dire elephant trunk-slaps you but does no damage.
The dire elephant tramples you but does no damage.
The dire elephant trunk-slaps you!
* * * LOW HITPOINT WARNING * * *
The dire elephant tramples you!
You die...
Your body rises from the dead as a mindless zombie.

#.##....# #ZZ.#
#.#.....##. ##Z.##
##..)....... ###Z.##
#P...V...... ###.Z.##
##..P.###...÷ ###..Z..#
#..PZ.Y.#######..ZZ..##
###..##.T........÷.P##
######Y.........P##
##@.P.####### ######


You could see a dire elephant, a death yak and a deep troll shaman.

Vanquished Creatures
  A hydra (Lair:5)
  A catoblepas (Lair:6)
  2 death yaks (Lair:6)
  Urug (D:8)
  An unseen horror (D:11)
  Pikel (D:9)
  5 elephants
  3 black mambas
  A gargoyle (D:10)
  5 komodo dragons
  5 spiny frogs
  A rime drake (Lair:5)
  Grinder (D:3)
  A polar bear (Lair:6)
  8 blink frogs
  6 hippogriffs
  4 dream sheep (Lair:5)
  Sigmund (D:4)
  A wyvern (Lair:2)
  2 basilisks
  33 yaks
  2 hungry ghosts
  A naga (Lair:2)
  Edmund (D:5)
  5 water moccasins
  5 porcupines
  3 black bears
  A slave (D:9)
  A phantom (D:5)
  4 ice beasts
  5 orc warriors
  3 sky beasts
  11 wolves
  A necrophage (D:10)
  6 ogres
  6 centaurs
  7 crocodiles
  3 big kobolds
  7 bullfrogs
  A scorpion (D:4)
  6 killer bees (D:7)
  4 wights (D:9)
  5 howler monkeys
  9 electric eels (D:11)
  6 crimson imps
  2 bullfrog zombies
  7 jellies
  3 bullfrog skeletons
  9 hounds
  3 orc priests
  3 centaur skeletons
  4 iguanas
  4 hell rats (Lair:5)
  7 worker ants
  Natasha (thrice) (D:4)
  3 orc wizards
  2 killer bee zombies
  2 hound zombies
  2 hound skeletons
  Robin (D:4)
  2 worker ant zombies (D:5)
  3 gnolls (D:4)
  6 adders
  3 shadow imps
  3 adder zombies
  3 oozes
  3 adder skeletons
  2 worms (D:2)
  2 dart slugs
  7 leopard geckos
  34 orcs
  A ball python (D:1)
  9 bats
  7 giant cockroaches
  14 goblins
  8 hobgoblins
  7 jackals
  4 quokkas
  8 frilled lizards
  A giant cockroach zombie (D:6)
  22 kobolds
  A quokka zombie (D:5)
  6 rats
  4 fungi
  5 plants
407 creatures vanquished.

Vanquished Creatures (collateral kills)
  An ice dragon (Lair:6)
  A two-headed ogre (D:8)
  Sonja (Lair:3)
  A manticore (Lair:3)
  5 elephants
  3 black mambas
  4 spiny frogs
  2 komodo dragons
  A rime drake (Lair:5)
  A troll (D:11)
  9 blink frogs (Lair:6)
  2 dream sheep (Lair:5)
  3 hippogriffs
  A water elemental (D:11)
  8 yaks
  A wyvern (Lair:4)
  A basilisk (Lair:4)
  4 water moccasins
  A sky beast (D:9)
  An orc warrior (D:9)
  A phantom (D:9)
  A black bear (D:8)
  5 ice beasts
  2 centaurs
  8 wolves
  3 crocodiles
  3 big kobolds
  3 bullfrogs
  2 electric eels
  A crimson imp (D:8)
  A bullfrog zombie (D:11)
  An orc priest (D:9)
  2 jellies (D:7)
  A worker ant (D:11)
  An iguana (D:11)
  2 hell rats (Lair:5)
  A shadow imp (D:8)
  A white imp (Lair:6)
  A leopard gecko (D:9)
  8 orcs
  A hobgoblin (D:9)
  4 kobolds
  23 fungi
  14 plants
141 creatures vanquished.

Vanquished Creatures (others)
  A skeletal warrior (Lair:6)
  12 flying skulls
  2 wraiths
  A vampire (Lair:6)
  3 blink frog zombies (Lair:6)
  An elephant skeleton (Lair:6)
  A blink frog skeleton (Lair:6)
  A hippogriff skeleton (Lair:4)
  A yak zombie (D:11)
  3 wights
  4 wolf zombies
  4 yak skeletons
  A centaur skeleton (D:11)
  A jelly (D:7)
  4 wolf skeletons
  A bullfrog skeleton (Lair:4)
  A human skeleton (D:7)
  A porcupine skeleton (D:8)
  2 big kobold zombies (D:7)
  An ogre zombie (D:7)
  2 crocodile skeletons
  A dwarf skeleton (D:7)
  2 mummies
  An orc (D:10)
  A goblin (D:1)
  A kobold (D:1)
  A goblin skeleton (D:9)
  5 kobold zombies
  11 orc skeletons
  9 fungi
  25 plants
  11 toadstools (D:7)
116 creatures vanquished.

Grand Total: 664 creatures vanquished

Notes
Turn   | Place    | Note
-------+----------+-------------------------------------------
     0 | D:1      | vurker the Hill Orc Monk began the quest for the Orb.
     0 | D:1      | Reached XP level 1. HP: 19/19 MP: 1/1
   169 | D:1      | Reached XP level 2. HP: 26/27 MP: 2/2
   521 | D:1      | Reached skill level 5 in Axes
   628 | D:1      | Reached XP level 3. HP: 32/33 MP: 3/3
  2165 | D:3      | Reached XP level 4. HP: 41/41 MP: 4/4
  2393 | D:3      | Noticed Grinder
  2394 | D:3      | Paralysed by Grinder for 5 turns
  2422 | D:3      | Paralysed by Grinder for 7 turns
  2450 | D:3      | HP: 2/41 [Grinder (4)]
  2458 | D:3      | Killed Grinder
  2458 | D:3      | Reached skill level 5 in Fighting
  2458 | D:3      | Reached skill level 7 in Axes
  2458 | D:3      | Reached XP level 5. HP: 6/48 MP: 5/5
  2458 | D:3      | Reached XP level 6. HP: 7/56 MP: 6/6
  3751 | D:3      | Reached skill level 8 in Axes
  3858 | D:4      | Got a transparent robe
  3871 | D:4      | Noticed Robin
  3948 | D:4      | Killed Robin
  3968 | D:4      | Found a staircase to the Ecumenical Temple.
  3977 | Temple   | Entered the Ecumenical Temple
  4024 | Temple   | Became a worshipper of Yredelemnul the Dark
  4024 | Temple   | Reached * piety under Yredelemnul
  4024 | Temple   | Reached ** piety under Yredelemnul
  4173 | D:4      | Reached skill level 1 in Invocations
  4173 | D:4      | Reached XP level 7. HP: 50/63 MP: 7/7
  4542 | D:4      | Reached skill level 9 in Axes
  4602 | D:4      | Noticed Natasha
  4611 | D:4      | Killed Natasha
  4806 | D:4      | Noticed Natasha
  4831 | D:4      | Killed Natasha
  5123 | D:4      | Noticed Sigmund
  5141 | D:4      | Killed Sigmund
  5141 | D:4      | Reached XP level 8. HP: 55/71 MP: 10/10
  5161 | D:4      | Noticed Natasha
  5166 | D:4      | Killed Natasha
  5166 | D:4      | Reached skill level 10 in Axes
  5280 | D:4      | Found a bloodstained altar of Trog.
  5990 | D:5      | Entered Level 5 of the Dungeon
  6279 | D:5      | Found a shadowy altar of Dithmenos.
  6512 | D:5      | Found a runed translucent gate.
  6512 | D:5      | Found a runed translucent gate.
  6517 | D:5      | Noticed MisterFreud's ghost (novice OpTm)
  6548 | D:5      | Found a runed translucent gate.
  6662 | D:5      | Noticed Edmund
  6704 | D:5      | Killed Edmund
  6704 | D:5      | Reached skill level 11 in Axes
  6704 | D:5      | Reached skill level 5 in Invocations
  6921 | D:5      | Reached *** piety under Yredelemnul
  7131 | D:5      | Reached XP level 9. HP: 62/81 MP: 13/13
  8001 | D:6      | Found a burning altar of Makhleb.
  8508 | D:6      | Reached skill level 12 in Axes
  9657 | D:7      | Reached **** piety under Yredelemnul
 10389 | D:7      | Reached skill level 13 in Axes
 11269 | D:8      | Reached XP level 10. HP: 76/91 MP: 15/15
 11434 | D:8      | Received a gift from Yredelemnul (4 flying skulls)
 11682 | D:8      | Found a staircase to the Lair.
 12058 | D:8      | Noticed a two-headed ogre
 12067 | D:8      | Killed a two-headed ogre
 12067 | D:8      | Reached skill level 14 in Axes
 12067 | D:8      | Reached skill level 1 in Armour
 12067 | D:8      | Reached skill level 1 in Shields
 13203 | D:9      | Found a staircase to the Orcish Mines.
 13218 | D:9      | Reached skill level 10 in Fighting
 13546 | D:9      | Noticed Pikel
 13573 | D:9      | Killed Pikel
 14019 | D:9      | Reached ***** piety under Yredelemnul
 14163 | D:10     | Entered Level 10 of the Dungeon
 14198 | D:10     | Reached XP level 11. HP: 82/100 MP: 13/17
 14722 | D:10     | Got a faintly glowing helmet
 14804 | D:10     | Found Ellai's Food Boutique.
 14889 | D:10     | Found a shimmering altar of Xom.
 14955 | D:10     | Found Picaoblu's General Store.
 15478 | D:10     | Identified the cursed +0 helmet of Monotheism {rF- Dex+5}
                  | (You found it on level 10 of the Dungeon)
 15519 | D:11     | Reached skill level 15 in Axes
 15564 | D:11     | Received a gift from Yredelemnul (a wight)
 16626 | D:11     | Got an ichor-stained long sword
 16690 | D:11     | Killed an unseen horror
 17260 | D:11     | Reached skill level 10 in Invocations
 17552 | D:11     | Found Humaig's Armour Shop.
 17746 | D:11     | Found a runed translucent door.
 17746 | D:11     | Noticed an ice dragon
 17747 | D:11     | Noticed a fire dragon
 17753 | D:11     | Noticed a fire dragon
 17754 | D:11     | Found the +2 shield of Resistance {rF+ rC+ MR+}
 17754 | D:11     | Noticed an ice dragon
 17762 | D:11     | Found a runed translucent door.
 18214 | Lair:1   | Entered Level 1 of the Lair of Beasts
 18214 | Lair:1   | Noticed Urug
 18329 | D:8      | Killed Urug
 18495 | Lair:1   | Received a gift from Yredelemnul (a mummy)
 18896 | Lair:1   | Reached skill level 5 in Shields
 19500 | Lair:2   | Reached skill level 5 in Armour
 19607 | Lair:2   | Found a staircase to the Snake Pit.
 19722 | Lair:2   | Reached skill level 16 in Axes
 19787 | Lair:2   | Reached XP level 12. HP: 110/110 MP: 19/19
 20148 | Lair:2   | Found a frozen archway.
 20896 | Lair:3   | Received a gift from Yredelemnul (a mummy)
 21104 | Lair:3   | Noticed Sonja
 21118 | Lair:3   | Killed Sonja
 21392 | Lair:3   | Found a staircase to the Shoals.
 22123 | Lair:4   | Received a gift from Yredelemnul (a wraith)
 22576 | Lair:4   | Received a gift from Yredelemnul (a wight)
 22952 | Lair:4   | Reached skill level 17 in Axes
 23463 | Lair:5   | Noticed a seven-headed hydra
 23476 | Lair:5   | Killed a one-headed hydra
 23738 | Lair:5   | Received a gift from Yredelemnul (4 flying skulls)
 23887 | Lair:5   | Reached XP level 13. HP: 83/118 MP: 18/21
 24135 | Lair:5   | Received a gift from Yredelemnul (a wight)
 24823 | Lair:5   | You fall into a shaft and drop 1 floor!
 24823 | Lair:6   | Entered Level 6 of the Lair of Beasts
 24861 | Lair:6   | Noticed an ice dragon
 24877 | Lair:6   | Killed an ice dragon
 25393 | Lair:5   | Found a staircase to the Slime Pits.
 25394 | Lair:5   | Found a viscous altar of Jiyva.
 25797 | Lair:6   | Received a gift from Yredelemnul (a wraith)
 25800 | Lair:6   | Reached skill level 18 in Axes
 25994 | Lair:6   | Received a gift from Yredelemnul (4 flying skulls)
 26275 | Lair:6   | Received a gift from Yredelemnul (a skeletal warrior)
 26522 | Lair:6   | Got a vibrating steel ring
 26524 | Lair:6   | Identified the ring "Karuick" {rC+ Str+3} (You found it on
                  | level 6 of the Lair of Beasts)
 26865 | Lair:6   | Noticed a dire elephant
 26870 | Lair:6   | Received a gift from Yredelemnul (a vampire)
 26881 | Lair:6   | HP: 5/122 [dire elephant (4)]
 26882 | Lair:6   | Slain by a dire elephant

Levels and vault maps discovered:
D:1:      erik_arrival_cave_to_civilisation [erik_arrival_cave_to_temple],
          layout_basic, lemuel_flame_loot_1
D:2:      layout_rooms, chequers_serial_rivers_micro_a, amethyst_killhole,
          minmay_pentomino_r4
D:3:      minmay_door_path, layout_basic, uniq_grinder
D:4:      layout_basic, temple_statues, kennysheep_diamond, grunt_ministairs_3,
          uniq_natasha, uniq_sigmund, uniq_robin
D:5:      layout_loops_corners, overflow_temple_1_default,
          gammafunk_ghost_split, first_ration, uniq_edmund
D:6:      layout_gridville, makhleb_heckhound_becter
D:7:      cheibrodos_fertilizer, layout_loops_ring, grunt_ogre_cave
D:8:      layout_loops_ring, grunt_lair_entry_orc_guard_hut,
          minmay_misc_feat_enclosed
D:9:      layout_basic, erik_orc_4, nrook_loot_triangle, uniq_pikel
D:10:     layout_gridville, serial_shops, shop,
          nicolae_shop_competitors_out_of_business, basic_altar,
          lemuel_flamethrower_2
D:11:     layout_long_grid, serial_shops, nicolae_shop_crystal, serial_bayou,
          serial_bayou_crossing, serial_bayou_lagoon_b, serial_bayou_shore_a,
          serial_bayou_ford_a, minmay_guarded_unrand_resistance
Temple:   kilobyte_greek_temple
Lair:1:   statuecave_lemuel, layout_misc_corridors, wad_woods_road_03,
          grunt_megastairs_2, uniq_urug
Lair:2:   layout_roguey, guppyfry_snake_entry_island,
          portal_ice_cave_entry_pillars_1
Lair:3:   layout_regular_city, minmay_shoals_entry_beasts, grunt_megastairs_4,
          infiniplex_staircase_pool_2, uniq_sonja
Lair:4:   layout_layer_cave
Lair:5:   layout_loops_ring, slime_altar_1, gauntlet_entry_generic,
          minivault_19, grunt_megastairs_5
Lair:6:   grunt_lair_end_beastmaster, layout_regular_city, ice2_lemuel,
          minmay_lair_oklob_chamber

Skill      XL: |  1  2  3  4  5  6  7  8  9 10 11 12 13 |
---------------+----------------------------------------+-----
Fighting       | 4 5 6 7 9 10 11 12 13 | 13.0
Axes           | 5 7 8 9 11 13 14 16 17 18 | 18.0
Invocations    | 1 3 5 7 9 10 11 12 | 12.7
Armour         | 3 5 7 8 |  8.6
Shields        | 3 5 7 8 |  8.7
Dodging        | |  2.4
Stealth        | |  1.5

Action                   |  1- 3 |  4- 6 |  7- 9 | 10-12 | 13-15 || total
-------------------------+-------+-------+-------+-------+-------++-------
Melee: Hand axe          |   131 |   191 |   820 |  1130 |    61 ||  2333
       War axe           |       |       |       |       |   232 ||   232
Invok: Animate Dead      |       |       |     4 |    28 |     6 ||    38
       Drain Life        |       |       |       |     1 |       ||     1
       Recall Undead Sla |       |       |       |       |     2 ||     2
Evoke: Wand              |       |       |       |    15 |     6 ||    21
  Use: Potion            |       |     4 |     2 |     3 |     2 ||    11
       Scroll            |       |     7 |     9 |    10 |     4 ||    30
 Stab: Sleeping          |     6 |       |       |       |       ||     6
       Distracted        |       |       |     1 |     9 |     5 ||    15
       Paralysed         |       |       |       |     2 |       ||     2
       Petrified         |       |       |       |       |     9 ||     9
  Eat: Chunk             |     1 |     3 |    11 |    30 |     9 ||    54
       Ration            |     1 |     1 |     6 |     7 |     1 ||    16
Armor: Ring mail         |    25 |       |       |       |       ||    25
       Robe              |     1 |       |       |       |       ||     1
       Chain mail        |    45 |   102 |   199 |       |       ||   346
       Plate armour      |       |       |   161 |   468 |   145 ||   774
       Skin              |       |       |    35 |       |       ||    35
Dodge: Dodged            |    72 |    47 |   170 |    69 |    28 ||   386
       Deflected         |       |     4 |     7 |     4 |       ||    15
Block: Large shield      |       |       |       |   560 |   203 ||   763

Table legend:
 A = Non-vault XP
 B = Vault XP
 C = Vault XP percentage of total XP
 D = Non-vault monster count
 E = Vault monster count
 F = Vault count percentage of total count
                 A         B        C        D         E       F
            +---------+---------+-------+---------+---------+-------
      Total |   36787 |   14145 |  27.8 |     393 |     108 |  21.6
            +---------+---------+-------+---------+---------+-------
        D:1 |      36 |       3 |   7.7 |      22 |       2 |   8.3
        D:2 |      33 |       9 |  21.4 |      17 |       3 |  15.0
        D:3 |     113 |     299 |  72.6 |      14 |       3 |  17.6
        D:4 |     715 |     333 |  31.8 |      18 |      16 |  47.1
        D:5 |     687 |     154 |  18.3 |      28 |       1 |   3.4
        D:6 |     776 |      43 |   5.3 |      26 |       1 |   3.7
        D:7 |     850 |     518 |  37.9 |      21 |      14 |  40.0
        D:8 |    1906 |    1394 |  42.2 |      23 |       7 |  23.3
        D:9 |    1078 |     865 |  44.5 |      25 |      14 |  35.9
       D:10 |    1235 |       0 |   0.0 |      24 |       0 |   0.0
       D:11 |    4587 |       0 |   0.0 |      51 |       0 |   0.0
     Lair:1 |     946 |     583 |  38.1 |       6 |       2 |  25.0
     Lair:2 |    3079 |     157 |   4.9 |      13 |       1 |   7.1
     Lair:3 |     222 |    2424 |  91.6 |       2 |       9 |  81.8
     Lair:4 |    5946 |       0 |   0.0 |      29 |       0 |   0.0
     Lair:5 |    5287 |    2111 |  28.5 |      28 |       9 |  24.3
     Lair:6 |    9291 |    5252 |  36.1 |      46 |      26 |  36.1
            +---------+---------+-------+---------+---------+-------
